AoeStats
← gnitaek

Hideout

503473930Analyzed
3v3 RM · 1mo ago on Aug 31, 2026· 42m 48s· 6 players
Game mode
Random Map
Map size
Normal (6 player)
Population
200
Speed
Normal
Resources
Standard
Victory
Conquest
Starting age
Dark Age
Ending age
Imperial Age
RankedLock teamsTeams togetherTeam positionsShared explorationLock speedFull tech treeHidden civsTurbo modeCheats
Victory
Defeat
🇮🇪 Saracens · Ireland
1245
+11
🇮🇪 Celts · Ireland
1225
+12
🇮🇪 Hindustanis · Ireland
1130
+16
🇩🇪 Japanese · Germany
1166
-14
🇩🇪 Vikings · Germany
1129
-13
🇦🇹 Khmer · Austria
1118
-12
Babo G
10:15 Feudal Age
14:03 Castle Age
14:46 Wheelbarrow
14:24 Double-Bit Axe
19:58 Forging
32:59 Imperial Age
31:15 Hand Cart
30:47 Loom
30:44 Horse Collar
31:20 Bow Saw
32:01 Pikeman
33:05 Town Watch
34:11 Stone Mining
34:11 Gold Mining
35:02 Iron Casting
34:44 Crossbowman
36:05 Heavy Scorpion
36:09 Arbalester
36:41 Fletching
36:52 Padded Archer Armor
36:27 Halberdier
36:32 Light Cavalry
37:23 Bloodlines
37:13 Husbandry
37:51 Scale Barding Armor
38:17 Conscription
38:49 Gold Shaft Mining
39:31 Chain Barding Armor
39:06 Hussar
40:49 Blast Furnace
40:53 Chemistry
40:12 Double Crossbow
40:59 Stone Shaft Mining
41:02 Plate Barding Armor
40:45 Leather Archer Armor
42:30 Bodkin Arrow
Oilman
9:06 Feudal Age
7:37 Loom
9:44 Double-Bit Axe
14:56 Loom
15:19 Fletching
16:06 Padded Archer Armor
19:56 Castle Age
20:58 Bodkin Arrow
20:26 Elite Skirmisher
22:56 Bow Saw
22:19 Elite Skirmisher
23:44 Elite Skirmisher
29:56 Wheelbarrow
30:21 Gold Mining
34:09 Leather Archer Armor
34:28 Hand Cart
43:11 Imperial Age
tachilo
10:29 Feudal Age
8:45 Loom
10:35 Feudal Age
11:37 Double-Bit Axe
11:20 Man-at-Arms
13:47 Forging
13:38 Scale Mail Armor
18:22 Arson
18:33 Fletching
25:21 Castle Age
23:58 Town Watch
26:10 Crossbowman
27:07 Bodkin Arrow
33:03 Chieftains
36:42 Ballistics
39:14 Imperial Age
37:36 Treadmill Crane
40:41 Bracer
40:42 Padded Archer Armor
42:02 Capped Ram
Darkham
10:39 Feudal Age
9:57 Loom
11:58 Double-Bit Axe
12:57 Horse Collar
17:53 Castle Age
18:21 Wheelbarrow
19:09 Gold Mining
19:52 Bow Saw
20:22 Scale Mail Armor
20:33 Forging
22:21 Heavy Plow
23:22 Bloodlines
28:01 Chain Mail Armor
29:52 Hand Cart
30:00 Husbandry
36:03 Imperial Age
37:08 Grand Trunk Road
39:53 Elite Ghulam
gnitaek
10:37 Feudal Age
10:44 Man-at-Arms
11:14 Double-Bit Axe
11:11 Horse Collar
12:34 Loom
13:35 Arson
14:27 Scale Mail Armor
15:46 Forging
20:27 Castle Age
21:40 Bow Saw
21:26 Fletching
21:32 Long Swordsman
23:24 Wheelbarrow
24:09 Heavy Plow
26:46 Hand Cart
28:46 Gambesons
36:01 Imperial Age
33:36 Town Watch
35:11 Pikeman
36:30 Capped Ram
39:03 Conscription
39:36 Chain Mail Armor
40:01 Gold Mining
40:03 Halberdier
41:59 Siege Ram
berserker-latko
6:46 Loom
9:25 Feudal Age
9:59 Double-Bit Axe
11:59 Fletching
16:07 Padded Archer Armor
21:11 Castle Age
19:57 Gold Mining
22:00 Thumb Ring
21:28 Crossbowman
23:44 Bodkin Arrow
25:47 Leather Archer Armor
25:41 Town Watch
28:01 Scale Barding Armor
29:17 Bloodlines
30:18 Redemption
32:09 Sanctity
33:51 Bimaristan
37:38 Imperial Age
38:25 Bracer
38:47 Block Printing
38:58 Illumination
38:13 Elite Skirmisher
38:17 Arbalester
41:10 Ring Archer Armor
41:43 Wheelbarrow
42:56 Chemistry
43:30 Ballistics
Connection lost

Rejoining the realm…

Still unreachable

The connection could not be restored.

Session expired

The server has moved on; the page needs a fresh start.